 Dungeon Crawl Stone Soup version 0.29.0-5-ge4962eb29e (webtiles) character file.

Game seed: 10321979254641513866

91 edwardauron the Covered (level 4, -1/38 HPs)
             Began as a Demigod Fighter on Aug 29, 2022.
             Slain by an orc wizard
             ... wielding a +2 dagger of venom
              (3 damage)
             ... on level 3 of the Dungeon.
             The game lasted 00:02:29 (2263 turns).

edwardauron the Covered (Demigod Fighter)           Turns: 2263, Time: 00:02:29

Health: -1/38      AC: 12    Str: 21    XL:     4   Next: 11%
Magic:  15/15      EV: 10    Int: 10    God:
Gold:   60         SH:  0    Dex: 15    Spells: 3/3 levels left

rFire   + . .      SeeInvis .   a - +1 war axe
rCold   . . .      Faith    .   c - +0 buckler
rNeg    + . .      Spirit   .   b - +0 scale mail
rPois   .          Reflect  .   (no helmet)
rElec   .          Harm     .   (no cloak)
rCorr   +          Rampage  .   (no gloves)
Will    .....                   j - +0 pair of boots
Stlth   ..........              (no amulet)
HPRegen 0.12/turn               e - +4 ring of protection
MPRegen 0.14/turn               s - ring of Jieceps {rF+ rN+ rCorr MP+9 Dex+2}

@: confused, lethally poisoned (-1 -> -13), ambrosia-drunk
A: high MP 1, forlorn, divine attributes
a: no special abilities


You were on level 3 of the Dungeon.
You visited 1 branch of the dungeon, and saw 3 of its levels.

You collected 60 gold pieces.

Inventory:

Hand Weapons
 a - a +1 war axe (weapon)
Armour
 b - a +0 scale mail (worn)
 c - a +0 buckler (worn)
 j - a +0 pair of boots (worn)
Jewellery
 e - a +4 ring of protection (left hand)
 s - the ring of Jieceps (right hand) {rF+ rN+ rCorr MP+9 Dex+2}
   (You found it on level 2 of the Dungeon)

   [ring of resist corrosion]

   Dex:       It affects your dexterity (+2).
   rF:        It protects you from fire.
   rN:        It protects you from negative energy.
   MP:        It affects your magic capacity (+9).
   rCorr:     It protects you from acid and corrosion.
Scrolls
 g - a scroll of immolation
 o - 2 scrolls of silence
 q - a scroll of noise
Potions
 d - 3 potions of might
 h - a potion of brilliance
 l - 2 potions of mutation {unknown}
 m - a potion of degeneration {unknown}
 n - a potion of haste {unknown}


   Skills:
 + Level 3.2 Fighting
 + Level 2.4 Axes
 + Level 3.2 Armour
 + Level 1.3 Dodging
 + Level 3.1 Shields


You had 3 spell levels left.
You didn't know any spells.
Your spell library contained the following spells:

 Spells                   Type           Power      Damage    Failure   Level
 Slow                     Hex            0%         N/A       80%         1
 Confusing Touch          Hex            0%         N/A       99%         3
 Ignite Poison            Fire/Tmut/Pois 0%         N/A       99%         3
 Mephitic Cloud           Conj/Pois/Air  0%         N/A       99%         3
 Vampiric Draining        Necr           0%         2d6       99%         3
 Freezing Cloud           Conj/Ice/Air   0%         6-21      100%        5


Dungeon Overview and Level Annotations

Branches:
Dungeon (3/15)


Innate Abilities, Weirdness & Mutations

You have an increased reservoir of magic. (+10% MP)
You shall have no god before yourself.
Your divine heritage dramatically boosts your attributes as you level up.


Message History

You are more poisoned.
The orc throws a boomerang.
The boomerang hits you but does no damage.
You hear some strange, mumbled words.
Something tries to affect you, but you resist.
You feel better. Something hits you but does no damage.
You are poisoned.
You miss something.
You feel sick. Something completely misses you.
Okay, then.
You barely miss something.
You feel sick. Something hits you but does no damage.
You are lethally poisoned!
You aren't carrying any items that you can evoke.
Okay, then.
You hit something.
* * * LOW HITPOINT WARNING * * *
You feel very sick. Something hits you but does no damage.
You are more poisoned.
The orc throws a boomerang.
The boomerang hits you but does no damage.
The orc throws a boomerang.
The boomerang hits you.
* * * LOW HITPOINT WARNING * * *
Something hits you.
* * * LOW HITPOINT WARNING * * *
You are more poisoned.
You are confused.
You feel invigorated.
* * * LOW HITPOINT WARNING * * *
You feel very sick. Something completely misses you.
* * * LOW HITPOINT WARNING * * *
You feel very sick.
You hear some strange, mumbled words.
A puff of flame appears from out of thin air!
The puff of flame hits you but does no damage.
* * * LOW HITPOINT WARNING * * *
You feel very sick. Something hits you.
You die...

#.......###
###.####.########
######### ##.#
#..# #.## #.# #.#
#.# #.# #@# #{#


#oo #o?. #.... #..... #...... ##.....# You could see 3 orcs.

Vanquished Creatures
  An adder (D:2)
  2 worms (D:2)
  2 dart slugs
  An orc (D:3)
  8 ball pythons
  7 endoplasms
  3 giant cockroaches
  5 goblins
  3 hobgoblins
  2 jackals (D:1)
  10 kobolds
  2 quokkas (D:1)
  8 bats
  A frilled lizard (D:1)
  12 rats
67 creatures vanquished.

Notes
Turn   | Place    | Note
-------+----------+-------------------------------------------
     0 | D:1      | edwardauron the Demigod Fighter began the quest for the
                  | Orb.
     0 | D:1      | Reached XP level 1. HP: 18/18 MP: 3/3
   104 | D:1      | Reached XP level 2. HP: 25/25 MP: 4/4
   832 | D:1      | Reached XP level 3. HP: 29/30 MP: 5/5
  1068 | D:1      | Reached skill level 1 in Dodging
  1714 | D:2      | Identified the ring of Jieceps {rF+ rN+ rCorr MP+9 Dex+2}
  2173 | D:3      | Reached XP level 4. HP: 38/38 MP: 6/6
  2262 | D:3      | HP: 1/38 [poisoned by an orc wizard]
  2263 | D:3      | Slain by an orc wizard

Illustrated notes

Levels and vault maps discovered:
D:1:      dpeg_arrival_ratfight, layout_rooms
D:2:      minmay_chambers_of_ones, layout_rooms, basic_altar,
          hellmonk_ecumenical_altar_run_dry
D:3:      layout_basic

Skill      XL: |  1  2  3 |
---------------+----------+-----
Axes           | 2 |  2.4
Armour         | 3 |  3.2
Shields        | 3 |  3.1
Fighting       | 3 |  3.2
Dodging        | 1 |  1.3

Action                   |  1- 3 |  4- 6 || total
-------------------------+-------+-------++-------
Melee: War axe           |   165 |    22 ||   187
  Use: Potion            |     1 |     2 ||     3
       Scroll            |     7 |       ||     7
Armor: Scale mail        |    98 |    20 ||   118
Dodge: Dodged            |    94 |    15 ||   109
Block: Buckler           |    51 |     4 ||    55
